 Dungeon Sprint DCSS version 0.18-a0-1014-g3bbf375 (webtiles) character file.

44384 pipel the Sorcerer (level 13, -30/63 HPs)
             Began as a Deep Elf Summoner on Jan 6, 2016.
             Was the Champion of Sif Muna.
             Killed from afar by Mnoleg (35 damage)
             ... with a bolt of negative energy
             ... in the Dungeon (Sprint VII: "The Pits").
             The game lasted 00:55:38 (1738 turns).

pipel the Sorcerer (Deep Elf Summoner)              Turns: 1738, Time: 00:55:38

Health: -30/63     AC:  5    Str:  8    XL:     13   Next: 95%
Magic:  22/45      EV: 12    Int: 26    God:    Sif Muna [******]
Gold:   20         SH:  0    Dex: 18    Spells: 14 memorised, 0 levels left

rFire  . . .     SeeInvis .     a - staff of energy
rCold  . . .     Gourm    .     J - +0 troll leather armour {Purgy}
rNeg   . . .     Faith    .     (no shield)
rPois  .         Spirit   .     (no helmet)
rElec  .         Dismiss  .     (no cloak)
rCorr  .         Reflect  .     (no gloves)
SustAt .         Harm     .     C - +0 pair of boots
MR     +....     NoTele   +     (no amulet)
Stlth  ++........               y - +3 ring of dexterity
                                v - +3 ring of strength

@: aura of abjuration, very slightly contaminated, repel missiles, drained,
somewhat resistant to hostile enchantments, unstealthy
A: no striking features
a: Channel Energy, Forget Spell, Renounce Religion


You were in the Dungeon.
You worshipped Sif Muna.
Sif Muna was exalted by your worship.
You were not hungry.

You visited 1 branch You collected 20 gold pieces.

Inventory:

Hand Weapons
 b - a +2 trident
 u - a +1 trident of piercing
Missiles
 m - 8 stones (quivered)
Armour
 n - a +0 robe
 C - a +0 pair of boots (worn)
 E - a steam dragon hide
 G - a +0 robe of positive energy
 J - a +0 troll leather armour (worn) {Purgy}
Magical Staves
 a - an uncursed staff of energy (weapon)
Jewellery
 v - a +3 ring of strength (left hand)
 y - a +3 ring of dexterity (right hand)
 L - an uncursed ring of fire
 M - an uncursed ring of poison resistance
Scrolls
 i - a scroll of blinking
 o - 3 scrolls of remove curse
 p - 5 scrolls of amnesia
 q - a scroll of summoning
 r - 2 scrolls of vulnerability
 K - 2 scrolls of identify
 N - a scroll of recharging
 O - 7 scrolls of enchant armour
 P - a scroll of fear
Potions
 d - 6 potions of curing
 f - a potion of haste
 g - 2 potions of magic
 h - 3 potions of berserk rage
 w - 4 potions of cure mutation
 x - 4 potions of agility
 A - 4 potions of brilliance
 B - 4 potions of might
Books
 e - Yxe Lilo's Handbook of Creation and Translocation
   (Sif Muna gifted it to you in the Dungeon)

   Spells                             Type                      Level
   a - Apportation                    Translocation                1
   b - Shadow Creatures               Summoning                    6
   c - Dispersal                      Translocation                6
   d - Spellforged Servitor           Conjuration/Summoning        7
 l - a book of Conjurations

   Spells                             Type                      Level
   a - Magic Dart                     Conjuration                  1
   b - Searing Ray                    Conjuration                  2
   c - Dazzling Spray                 Conjuration/Hexes            3
   d - Fulminant Prism                Conjuration/Hexes            4
   e - Iskenderun's Mystic Blast      Conjuration                  4
   f - Iskenderun's Battlesphere      Conjuration/Charms           5
 s - a book of Callings

   Spells                             Type                      Level
   a - Summon Small Mammal            Summoning                    1
   b - Call Imp                       Summoning                    2
   c - Call Canine Familiar           Summoning                    3
   d - Summon Guardian Golem          Hexes/Summoning              3
   e - Summon Lightning Spire         Summoning/Air                4
   f - Summon Ice Beast               Ice/Summoning                4
 t - a book of Battle

   Spells                             Type                      Level
   a - Infusion                       Charms                       1
   b - Shroud of Golubria             Charms/Translocation         2
   c - Song of Slaying                Charms                       2
   d - Spectral Weapon                Hexes/Charms                 3
   e - Regeneration                   Charms/Necromancy            3
 z - Sif Muna's Reference Book on the Voyage
   (Sif Muna gifted it to you in the Dungeon)

   Spells                             Type                      Level
   a - Teleport Other                 Translocation                3
   b - Passage of Golubria            Translocation                4
   c - Summon Forest                  Summoning/Translocation      5
   d - Controlled Blink               Translocation                8
 D - a book of Transfigurations

   Spells                             Type                      Level
   a - Stoneskin                      Transmutation/Earth          2
   b - Irradiate                      Conjuration/Transmutation    5
   c - Statue Form                    Transmutation/Earth          6
   d - Hydra Form                     Transmutation                6
   e - Dragon Form                    Transmutation                7
 F - a book of Beasts

   Spells                             Type                      Level
   a - Summon Butterflies             Summoning                    1
   b - Call Canine Familiar           Summoning                    3
   c - Summon Ice Beast               Ice/Summoning                4
   d - Summon Mana Viper              Hexes/Summoning              5
   e - Summon Hydra                   Summoning                    7
 H - Eraxzicven's Grimoire of Creation
   (Sif Muna gifted it to you in the Dungeon)

   Spells                             Type                      Level
   a - Aura of Abjuration             Summoning                    5
   b - Malign Gateway                 Summoning/Translocation      7
   c - Summon Horrible Things         Summoning                    8
 I - a book of Summonings

   Spells                             Type                      Level
   a - Recall                         Summoning/Translocation      3
   b - Aura of Abjuration             Summoning                    5
   c - Summon Demon                   Summoning                    5
   d - Summon Forest                  Summoning/Translocation      5
   e - Summon Mana Viper              Hexes/Summoning              5
   f - Shadow Creatures               Summoning                    6
 Q - Sif Muna's Reference Book on Orientation
   (Sif Muna gifted it to you in the Dungeon)

   Spells                             Type                      Level
   a - Gell's Gravitas                Hexes/Translocation          3
   b - Portal Projectile              Translocation                3
   c - Teleport Other                 Translocation                3
   d - Force Lance                    Conjuration/Translocation    4
   e - Dispersal                      Translocation                6
 R - Sif Muna's Grimoire of Calling
   (Sif Muna gifted it to you in the Dungeon)

   Spells                             Type                      Level
   a - Summon Small Mammal            Summoning                    1
   b - Aura of Abjuration             Summoning                    5
   c - Monstrous Menagerie            Summoning                    7
   d - Summon Greater Demon           Summoning                    7
 S - Sif Muna's Collected Works on the Supportive Traveller
   (Sif Muna gifted it to you in the Dungeon)

   Spells                             Type                      Level
   a - Blink                          Translocation                2
   b - Summon Forest                  Summoning/Translocation      5
   c - Phase Shift                    Translocation                5
   d - Summon Horrible Things         Summoning                    8
 T - Sif Muna's Reference Book on Creative Black Rites
   (Sif Muna gifted it to you in the Dungeon)

   Spells                             Type                      Level
   a - Summon Guardian Golem          Hexes/Summoning              3
   b - Agony                          Necromancy                   5
   c - Dispel Undead                  Necromancy                   5
   d - Monstrous Menagerie            Summoning                    7
 U - Sif Muna's Incunabulum of Displacement and Summoning
   (Sif Muna gifted it to you in the Dungeon)

   Spells                             Type                      Level
   a - Recall                         Summoning/Translocation      3
   b - Force Lance                    Conjuration/Translocation    4
   c - Dispersal                      Translocation                6
   d - Summon Greater Demon           Summoning                    7
 V - Borgnjor's Incunabulum of Black Rituals
   (Sif Muna gifted it to you in the Dungeon)

   Spells                             Type                      Level
   a - Pain                           Necromancy                   1
   b - Animate Dead                   Necromancy                   4
   c - Haunt                          Necromancy/Summoning         7
   d - Necromutation                  Transmutation/Necromancy     8
 W - Liugip's Grimoire of Execration and the Escort
   (Sif Muna gifted it to you in the Dungeon)

   Spells                             Type                      Level
   a - Slow                           Hexes                        2
   b - Ensorcelled Hibernation        Hexes/Ice                    2
   c - Summon Guardian Golem          Hexes/Summoning              3
   d - Summon Mana Viper              Hexes/Summoning              5
 X - Sif Muna's Catalogue of Stolen Souls
   (Sif Muna gifted it to you in the Dungeon)

   Spells                             Type                      Level
   a - Vampiric Draining              Necromancy                   3
   b - Control Undead                 Necromancy                   4
   c - Cigotuvi's Embrace             Necromancy                   5
   d - Borgnjor's Revivification      Necromancy                   8
 Y - Ipusk's Grimoire of Self-Improvement and Evil
   (Sif Muna gifted it to you in the Dungeon)

   Spells                             Type                      Level
   a - Song of Slaying                Charms                       2
   b - Excruciating Wounds            Charms/Necromancy            5
   c - Warp Weapon                    Charms/Translocation         5
   d - Death's Door                   Charms/Necromancy            8
Comestibles
 c - 4 bread rations
 j - 38 fruits
 k - 13 meat rations


   Skills:
 - Level 2.4(1.7) Dodging
 - Level 2.6(2.0) Stealth
 - Level 26.5(25.4) Spellcasting
 - Level 4.0(3.3) Charms
 - Level 24.5(23.4) Summonings
 + Level 14.0(13.1) Necromancy
 - Level 12.2(11.4) Translocations
 - Level 10.3(9.5) Invocations


You couldn't memorise any spells.
You knew the following spells:

 Your Spells              Type           Power        Failure   Level  Hunger
a - Aura of Abjuration    Summ           ########..   0%          5    None
b - Call Imp              Summ           ########     0%          2    None
c - Call Canine Familiar  Summ           ########     0%          3    None
d - Summon Greater Demon  Summ           ########..   1%          7    None
e - Summon Small Mammal   Summ           ####         0%          1    None
f - Repel Missiles        Chrm/Air       #####.       1%          2    None
g - Summon Guardian Gole  Hex/Summ       #######.     1%          3    None
h - Summon Hydra          Summ           ########..   1%          7    None
i - Summon Ice Beast      Ice/Summ       #######.     1%          4    None
j - Borgnjor's Revivific  Necr           #######...   38%         8    None
m - Summon Mana Viper     Hex/Summ       #######.     1%          5    None
r - Regeneration          Chrm/Necr      ######....   1%          3    None
H - Summon Horrible Thin  Summ           ########..   1%          8    None
M - Malign Gateway        Summ/Tloc      #######...   1%          7    None


Dungeon Overview and Level Annotations

Branches:
Dungeon (1/1)

Altars:
Ashenzari
Cheibriados
Dithmenos
Elyvilon
Fedhas
Kikubaaqudgha
Makhleb
Nemelex Xobeh
Okawaru
Pakellas
Ru
Sif Muna
Trog
Vehumet
Xom
Yredelemnul
Zin
The Shining One
Beogh
Jiyva
Lugonu

Annotations:
D Asmodeus, Mnoleg


Message History

You take 9 damage, and have 2/63 hp.
There is a huge open gate to the Final Vault (Nightmare!), spattered with blood here.
Items here: ( )) ÷ an uncursed arbalest x2 26 bolts; a yaktaur skeleton You regained 2 hp, and now have 4/63 hp.
Your skin stops crawling.
Mnoleg buzzes, "Admit defeat, thou hateful weather-bitten urchin!"
There is a huge open gate to the Final Vault (Nightmare!), spattered with blood here.
Things that are here:
a war axe of electrocution; a glowing plate armour; 2 bolts
Casting: Malign Gateway
Confirm with . or Enter, or press ? or * to list all spells.
You begin to abjure the creatures around you!
The tentacled monstrosity shudders.
The balrug disappears in a puff of smoke!
Mnoleg gestures at you. The bolt of negative energy hits you!
You feel drained.
Ouch! That really hurt!
You die...

#§§§..............#
##2&#......§§§.....#
##§§X#..............#
###)...#..............#
###GG...###...&.X......#
§X§&...## ##..........##
.§G...## ##...§(...##
####### ####')####
#######@)####
###.....÷.(...###
##......)........##
#.........(.......#
#...(..((.........#
#......)..÷.......#
##......)........##
###..[........###
##''#########


You could see Mnoleg and a tentacled monstrosity.

Vanquished Creatures
  A flying skull (D)
  A wolf (D)
  A phantom (D)
  A worker ant (D)
  An adder (D)
  A river rat (D)
  An ufetubus (D)
  An orc (D)
  A kobold (D)
9 creatures vanquished.

Vanquished Creatures (collateral kills)
  An orb of fire (D)
  A greater mummy (D)
  Boris (D)
  A Killer Klown (D)
  A golden dragon (D)
  3 profane servitors (D)
  Xtahua (D)
  Jory (D)
  A bone dragon (D)
  A lich (D)
  An electric golem (D)
  13 Orb Guardians (D)
  A greater naga (D)
  A ghost moth (D)
  A stone giant (D)
  An ophan (D)
  A purple draconian (D)
  A yellow draconian (D)
  2 white draconians (D)
  A blizzard demon (D)
  A yaktaur captain (D)
  An anaconda (D)
  A sea snake (D)
  A necromancer (D)
  An orc sorcerer (D)
  A hornet (D)
  3 elephants (D)
  A slime creature (D)
  2 cyclopes (D)
  A black mamba (D)
  A guardian serpent (D)
  A spiny frog (D)
  2 molten gargoyles (D)
  A hellion (D)
  4 yaktaurs (D)
  2 fire drakes (D)
  An ice devil (D)
  2 red devils (D)
  2 jumping spiders (D)
  A bog body (D)
  A guardian mummy (D)
  4 blink frogs (D)
  A shadow (D)
  4 redbacks (D)
  A spriggan (D)
  A tarantella (D)
  A water elemental (D)
  A wyvern (D)
  A steam dragon (D)
  Eustachio (D)
  5 wolves (D)
  A warg (D)
  Purgy (D)
  A swamp drake (D)
  A wasp (D)
  2 necrophages (D)
  An ogre (D)
  A small abomination (D)
  A crocodile (D)
  A wight (D)
  A crimson imp (D)
  A jelly (D)
  A quasit (D)
  A gnoll (D)
  An adder (D)
  3 river rats (D)
  2 adder zombies (D)
  An adder skeleton (D)
  A worm (D)
  2 bat skeletons (D)
  A bat zombie (D)
  2 giant cockroaches (D)
  A bat simulacrum (D)
  A giant newt (D)
  A jackal zombie (D)
  2 kobolds (D)
  2 rats (D)
120 creatures vanquished.

Vanquished Creatures (others)
  A pearl dragon (D)
  14 eldritch tentacles (D)
  An azure jelly (D)
  A ghost moth (D)
  An angel (D)
  A merfolk avatar (D)
  A catoblepas (D)
  823 eldritch tentacle segments (D)
843 creatures vanquished.

Grand Total: 972 creatures vanquished

Notes
Turn   | Place    | Note
--------------------------------------------------------------
     0 | D        | pipel the Deep Elf Summoner began the quest for the Orb.
     0 | D        | Reached XP level 1. HP: 10/10 MP: 6/6
    68 | D        | Found a sacrificial altar of Ru.
    68 | D        | Found a basalt altar of Yredelemnul.
    68 | D        | Found a glowing golden altar of the Shining One.
    68 | D        | Found a deep blue altar of Sif Muna.
    68 | D        | Found a burning altar of Makhleb.
    68 | D        | Found an ancient bone altar of Kikubaaqudgha.
    68 | D        | Found a glowing silver altar of Zin.
    69 | D        | Found a shadowy altar of Dithmenos.
    69 | D        | Found a bloodstained altar of Trog.
    69 | D        | Found a shattered altar of Ashenzari.
    69 | D        | Found a white marble altar of Elyvilon.
    69 | D        | Found a snail-covered altar of Cheibriados.
    69 | D        | Found a blossoming altar of Fedhas.
    69 | D        | Found a radiant altar of Vehumet.
    69 | D        | Found a shimmering altar of Xom.
    69 | D        | Found a sparkling altar of Nemelex Xobeh.
    69 | D        | Found a corrupted altar of Lugonu.
    69 | D        | Found a viscous altar of Jiyva.
    69 | D        | Found a roughly hewn altar of Beogh.
    69 | D        | Found an iron altar of Okawaru.
    70 | D        | Found an oddly glowing altar of Pakellas.
    72 | D        | Became a worshipper of Sif Muna the Loreminder
    97 | D        | Reached skill level 5 in Summonings
   115 | D        | Reached XP level 2. HP: 12/15 MP: 7/9
   127 | D        | Learned a level 2 spell: Call Imp
   150 | D        | Reached * piety under Sif Muna
   159 | D        | Reached skill level 5 in Spellcasting
   164 | D        | Reached skill level 6 in Summonings
   199 | D        | Noticed a phantom
   213 | D        | Killed a phantom
   213 | D        | Reached ** piety under Sif Muna
   213 | D        | Reached skill level 7 in Spellcasting
   213 | D        | Reached XP level 3. HP: 19/19 MP: 10/14
   213 | D        | Reached XP level 4. HP: 24/24 MP: 10/15
   222 | D        | Reached skill level 8 in Spellcasting
   222 | D        | Reached skill level 5 in Invocations
   226 | D        | Reached XP level 5. HP: 28/28 MP: 12/17
   239 | D        | Reached *** piety under Sif Muna
   250 | D        | Learned a level 4 spell: Summon Lightning Spire
   255 | D        | Learned a level 4 spell: Summon Ice Beast
   259 | D        | Learned a level 3 spell: Summon Guardian Golem
   275 | D        | Reached skill level 9 in Spellcasting
   321 | D        | Noticed a warg
   321 | D        | Noticed a flying skull
   327 | D        | Killed a warg
   333 | D        | Killed a flying skull
   333 | D        | Reached **** piety under Sif Muna
   333 | D        | Reached skill level 10 in Spellcasting
   333 | D        | Reached XP level 6. HP: 29/32 MP: 6/21
   370 | D        | Noticed a fire drake
   370 | D        | Noticed a guardian mummy
   373 | D        | Reached skill level 10 in Summonings
   398 | D        | Killed a fire drake
   398 | D        | Reached ***** piety under Sif Muna
   398 | D        | Reached skill level 11 in Spellcasting
   402 | D        | Killed a guardian mummy
   402 | D        | Reached XP level 7. HP: 22/36 MP: 22/24
   499 | D        | Noticed a wolf
   499 | D        | Noticed a wolf
   499 | D        | Noticed a wolf
   499 | D        | Noticed a wolf
   499 | D        | Noticed a wolf
   499 | D        | Noticed a spriggan
   508 | D        | Killed a wolf
   508 | D        | Reached skill level 12 in Spellcasting
   511 | D        | Killed a spriggan
   515 | D        | Killed a wolf
   520 | D        | Killed a wolf
   520 | D        | Reached skill level 10 in Invocations
   522 | D        | Killed a wolf
   522 | D        | Reached skill level 13 in Spellcasting
   522 | D        | Killed a wolf
   522 | D        | Reached ****** piety under Sif Muna
   522 | D        | Received a gift from Sif Muna
   549 | D        | Noticed a jumping spider
   557 | D        | Noticed a shadow
   557 | D        | Noticed a bog body
   587 | D        | Killed a shadow
   587 | D        | Reached XP level 8. HP: 14/41 MP: 27/27
   599 | D        | Killed a bog body
   601 | D        | Killed a jumping spider
   609 | D        | Learned a level 3 spell: Call Canine Familiar
   640 | D        | Reached skill level 14 in Spellcasting
   681 | D        | Noticed a catoblepas
   691 | D        | Noticed a molten gargoyle
   703 | D        | Killed a catoblepas
   716 | D        | Killed a molten gargoyle
   716 | D        | Received a gift from Sif Muna
   716 | D        | Reached skill level 15 in Spellcasting
   726 | D        | Learned a level 7 spell: Summon Hydra
   732 | D        | Learned a level 5 spell: Summon Mana Viper
   760 | D        | Noticed an orc sorcerer
   765 | D        | Paralysed by an orc sorcerer for 6 turns
   768 | D        | Noticed an ice devil
   768 | D        | Killed an orc sorcerer
   789 | D        | Noticed a sea snake
   795 | D        | Noticed a red devil
   802 | D        | Killed a sea snake
   802 | D        | Reached skill level 16 in Spellcasting
   802 | D        | Reached XP level 9. HP: 29/45 MP: 4/31
   808 | D        | Killed a red devil
   835 | D        | Noticed a molten gargoyle
   851 | D        | Killed a molten gargoyle
   851 | D        | Received a gift from Sif Muna
   852 | D        | Identified Eraxzicven's Grimoire of Creation (Sif Muna gifted it to you in the Dungeon)
   865 | D        | Learned a level 8 spell: Summon Horrible Things
   884 | D        | Noticed a merfolk avatar
   885 | D        | Reached skill level 15 in Summonings
   888 | D        | Noticed a cyclops
   889 | D        | Reached skill level 17 in Spellcasting
   892 | D        | Noticed a red devil
   893 | D        | Noticed a jumping spider
   895 | D        | Killed a jumping spider
   903 | D        | Noticed a guardian serpent
   906 | D        | Killed a guardian serpent
   907 | D        | Received a gift from Sif Muna
   907 | D        | Killed a merfolk avatar
   908 | D        | Noticed a hornet
   908 | D        | Noticed an anaconda
   910 | D        | Killed a red devil
   912 | D        | Killed a cyclops
   912 | D        | Reached skill level 18 in Spellcasting
   927 | D        | Noticed Purgy
   929 | D        | Noticed a black mamba
   930 | D        | Noticed a spiny frog
   930 | D        | Killed an anaconda
   930 | D        | Reached XP level 10. HP: 22/50 MP: 18/34
   930 | D        | Killed Purgy
   933 | D        | Received a gift from Sif Muna
   933 | D        | Killed a black mamba
   936 | D        | Killed a hornet
   939 | D        | Killed a spiny frog
  1095 | D        | Learned a level 7 spell: Malign Gateway
  1110 | D        | Noticed a cyclops
  1126 | D        | Killed a cyclops
  1152 | D        | Noticed a necromancer
  1160 | D        | Noticed Eustachio
  1163 | D        | Received a gift from Sif Muna
  1164 | D        | Killed a necromancer
  1164 | D        | Reached skill level 5 in Translocations
  1167 | D        | Killed Eustachio
  1172 | D        | Learned a level 3 spell: Regeneration
  1202 | D        | Noticed an elephant
  1202 | D        | Noticed an elephant
  1202 | D        | Noticed a stone giant
  1204 | D        | Noticed an elephant
  1204 | D        | Noticed a profane servitor
  1208 | D        | Noticed a greater naga
  1211 | D        | Killed a profane servitor
  1211 | D        | Received a gift from Sif Muna
  1217 | D        | Killed a greater naga
  1217 | D        | Reached XP level 11. HP: 54/54 MP: 25/35
  1222 | D        | Killed a stone giant
  1231 | D        | Killed an eldritch tentacle
  1231 | D        | Received a gift from Sif Muna
  1232 | D        | Identified Xinkyz's Handbook of Summoning (Sif Muna gifted it to you in the Dungeon)
  1241 | D        | Learned a level 2 spell: Repel Missiles
  1282 | D        | Noticed a white draconian
  1283 | D        | Noticed a blizzard demon
  1283 | D        | Noticed a profane servitor
  1288 | D        | Killed a purple draconian
  1291 | D        | Killed a blizzard demon
  1293 | D        | Killed a profane servitor
  1293 | D        | Received a gift from Sif Muna
  1293 | D        | Reached skill level 19 in Spellcasting
  1294 | D        | Identified Sif Muna's Reference Book on Orientation (Sif Muna gifted it to you in the Dungeon)
  1294 | D        | Killed a white draconian
  1308 | D        | Noticed an electric golem
  1313 | D        | Killed an electric golem
  1313 | D        | Reached skill level 20 in Spellcasting
  1316 | D        | Killed Boris
  1316 | D        | Received a gift from Sif Muna
  1316 | D        | Reached skill level 21 in Spellcasting
  1317 | D        | Identified Sif Muna's Grimoire of Calling (Sif Muna gifted it to you in the Dungeon)
  1339 | D        | Learned a level 5 spell: Aura of Abjuration
  1344 | D        | Noticed an Orb Guardian
  1344 | D        | Noticed an Orb Guardian
  1344 | D        | Noticed an Orb Guardian
  1349 | D        | Noticed an Orb Guardian
  1352 | D        | Killed an Orb Guardian
  1352 | D        | Received a gift from Sif Muna
  1352 | D        | Reached XP level 12. HP: 59/59 MP: 29/39
  1353 | D        | Identified Sif Muna's Collected Works on the Supportive Traveller (Sif Muna gifted it to you in the Dungeon)
  1353 | D        | Killed an Orb Guardian
  1355 | D        | Noticed a yellow draconian
  1355 | D        | Killed an eldritch tentacle
  1356 | D        | Killed an Orb Guardian
  1356 | D        | Reached skill level 22 in Spellcasting
  1361 | D        | Killed an Orb Guardian
  1361 | D        | Received a gift from Sif Muna
  1362 | D        | Identified Sif Muna's Reference Book on Creative Black Rites (Sif Muna gifted it to you in the Dungeon)
  1366 | D        | Killed a yellow draconian
  1375 | D        | Noticed a golden dragon
  1387 | D        | Killed a golden dragon
  1387 | D        | Reached skill level 23 in Spellcasting
  1393 | D        | Noticed an Orb Guardian
  1393 | D        | Noticed a Killer Klown
  1396 | D        | Noticed an ophan
  1402 | D        | Killed an Orb Guardian
  1402 | D        | Received a gift from Sif Muna
  1403 | D        | Identified Sif Muna's Incunabulum of Displacement and Summoning (Sif Muna gifted it to you in the Dungeon)
  1406 | D        | Noticed a ghost moth
  1410 | D        | Killed an eldritch tentacle
  1412 | D        | Killed a ghost moth
  1419 | D        | Killed an ophan
  1436 | D        | Noticed a yaktaur captain
  1445 | D        | Killed a yaktaur captain
  1448 | D        | Killed a Killer Klown
  1448 | D        | Received a gift from Sif Muna
  1448 | D        | Reached skill level 24 in Spellcasting
  1449 | D        | Identified Yxe Lilo's Handbook of Creation and Translocation (Sif Muna gifted it to you in the Dungeon)
  1453 | D        | Noticed Jory
  1463 | D        | Killed an eldritch tentacle
  1466 | D        | Killed Jory
  1475 | D        | Noticed an Orb Guardian
  1476 | D        | Noticed an Orb Guardian
  1477 | D        | Noticed a lich
  1479 | D        | Noticed Xtahua
  1484 | D        | Killed a lich
  1484 | D        | Received a gift from Sif Muna
  1484 | D        | Reached XP level 13. HP: 29/63 MP: 16/43
  1488 | D        | Identified Sif Muna's Reference Book on the Voyage (Sif Muna gifted it to you in the Dungeon)
  1489 | D        | Killed an Orb Guardian
  1494 | D        | Killed an Orb Guardian
  1494 | D        | Reached skill level 25 in Spellcasting
  1495 | D        | Noticed a profane servitor
  1503 | D        | Killed a profane servitor
  1503 | D        | Received a gift from Sif Muna
  1504 | D        | Identified Borgnjor's Incunabulum of Black Rituals (Sif Muna gifted it to you in the Dungeon)
  1508 | D        | Killed Xtahua
  1535 | D        | Killed an eldritch tentacle
  1540 | D        | Noticed a greater mummy
  1548 | D        | Killed a greater mummy
  1548 | D        | Received a gift from Sif Muna
  1548 | D        | Reached skill level 26 in Spellcasting
  1549 | D        | Identified Liugip's Grimoire of Execration and the Escort (Sif Muna gifted it to you in the Dungeon)
  1569 | D        | Noticed an Orb Guardian
  1569 | D        | Noticed an Orb Guardian
  1569 | D        | Noticed an Orb Guardian
  1575 | D        | Killed an eldritch tentacle
  1575 | D        | Killed an Orb Guardian
  1581 | D        | Killed an Orb Guardian
  1589 | D        | Killed an Orb Guardian
  1590 | D        | Learned a level 7 spell: Summon Greater Demon
  1602 | D        | Noticed a pearl dragon
  1602 | D        | Noticed a bone dragon
  1603 | D        | Noticed an angel
  1603 | D        | Noticed Mnoleg
  1603 | D        | Noticed an orb of fire
  1603 | D        | Noticed a white draconian
  1605 | D        | Noticed an Orb Guardian
  1605 | D        | Noticed an azure jelly
  1606 | D        | Noticed a ghost moth
  1618 | D        | Killed an angel
  1619 | D        | Noticed an Orb Guardian
  1626 | D        | Killed an Orb Guardian
  1626 | D        | Received a gift from Sif Muna
  1631 | D        | Noticed an Orb Guardian
  1632 | D        | Killed an orb of fire
  1633 | D        | Killed a ghost moth
  1635 | D        | Killed a white draconian
  1636 | D        | Killed an Orb Guardian
  1636 | D        | Killed an azure jelly
  1646 | D        | Killed an Orb Guardian
  1646 | D        | Received a gift from Sif Muna
  1647 | D        | Identified Sif Muna's Catalogue of Stolen Souls (Sif Muna gifted it to you in the Dungeon)
  1657 | D        | Learned a level 8 spell: Borgnjor's Revivification
  1661 | D        | Killed an eldritch tentacle
  1666 | D        | Identified Ipusk's Grimoire of Self-Improvement and Evil (Sif Muna gifted it to you in the Dungeon)
  1678 | D        | Noticed a tentacled monstrosity
  1686 | D        | Killed a bone dragon
  1689 | D        | Noticed a tentacled monstrosity
  1689 | D        | Noticed a tentacled monstrosity
  1693 | D        | Killed an eldritch tentacle
  1723 | D        | Noticed a tentacled monstrosity
  1723 | D        | Noticed a tentacled monstrosity
  1724 | D        | Noticed a balrug
  1724 | D        | Noticed Asmodeus
  1730 | D        | Killed a pearl dragon
  1735 | D        | HP: 2/63 [balrug/divine providence[Asmodeus] (10)]
  1738 | D        | Killed from afar by Mnoleg

Vault maps used:
D:        pitsprint

Action                   |  1- 3 |  4- 6 |  7- 9 | 10-12 | 13-15 || total
-------------------------+-------+-------+-------+-------+-------++-------
Melee: Unarmed           |    13 |       |       |       |       ||    13
       Trident           |    15 |    19 |     7 |       |       ||    41
Throw: Stone             |     1 |       |     3 |       |       ||     4
 Cast: Summon Small Mamm |    13 |       |       |       |       ||    13
       Call Imp          |     5 |     2 |     5 |       |       ||    12
       Summon Ice Beast  |       |     9 |    27 |       |       ||    36
       Summon Lightning  |       |     5 |    13 |       |       ||    18
       Summon Guardian G |       |     3 |    10 |    10 |     1 ||    24
       Summon Hydra      |       |       |     8 |     1 |     2 ||    11
       Call Canine Famil |       |       |     2 |       |       ||     2
       Summon Horrible T |       |       |     3 |    24 |    14 ||    41
       Malign Gateway    |       |       |       |     6 |     7 ||    13
       Regeneration      |       |       |       |     4 |     4 ||     8
       Repel Missiles    |       |       |       |     1 |       ||     1
       Summon Greater De |       |       |       |       |     7 ||     7
       Aura of Abjuratio |       |       |       |       |     2 ||     2
Invok: Channel Energy    |     3 |    30 |    86 |    81 |    72 ||   272
Evoke: Staff of energy   |     2 |       |       |       |       ||     2
  Use: Potion            |     2 |     1 |     8 |     6 |     2 ||    19
       Scroll            |       |       |       |     3 |     1 ||     4
 Stab: Sleeping          |     2 |       |       |       |       ||     2
       Distracted        |     1 |     1 |     1 |       |       ||     3
       Invisible         |       |     2 |       |       |       ||     2
  Eat: Chunk             |       |     3 |    17 |     3 |       ||    23
       Fruit             |       |       |     1 |     1 |     2 ||     4
       Bread ration      |       |       |       |     3 |     2 ||     5
